 Dungeon Crawl Stone Soup version 0.24-a0-341-g52ca42d3ec (webtiles) character file.

Game seed: 13493681274244885233

259880 Inarius the Impaler (level 19, -9/177 HPs)
             Began as a Centaur Fighter on May 19, 2019.
             Was a Plaything of Xom.
             Mangled by an ogre
             ... wielding a +0 giant club
             ... led by an ironheart preserver
              (23 damage)
             ... while paralysed
             ... on level 1 of the Vaults on May 20, 2019.
             The game lasted 01:35:22 (37512 turns).

Inarius the Impaler (Centaur Fighter)              Turns: 37512, Time: 01:35:23

Health: -9/177     AC:  0    Str: 28    XL:     19   Next: 16%
Magic:  28/28      EV:  5    Int:  7    God:    Xom [......]
Gold:   1688       SH:  0    Dex: 15    Spells: 18/18 levels left

rFire    . . .     SeeInvis .   (weapon currently unavailable)
rCold    . . .     Gourm    .   (shield currently unavailable)
rNeg     . . .     Faith    .   (armour currently unavailable)
rPois    .         Spirit   .   (helmet currently unavailable)
rElec    .         Reflect  +   (cloak currently unavailable)
rCorr    .         Harm     .   (gloves currently unavailable)
MR       +....                  (no barding)
Stlth    +.........             z - brooch of Shielding {Reflect SH+8}
HPRegen  1.19/turn              (ring currently unavailable)
MPRegen  0.21/turn              (ring currently unavailable)

@: confused, paralysed, bat-form (expiring), marked, berserk cooldown, flying,
very slightly contaminated, slowed, invisible (expiring), very quick
A: tiny, regeneration 2, strong 1, MP-powered wands
}: 2/15 runes: decaying, serpentine
a: Renounce Religion


You were on level 1 of the Vaults.
You worshipped Xom.
You were a very special plaything of Xom.
You were hungry.
You were in bat-form.
You visited 6 branches of the dungeon, and saw 32 of its levels.
You visited the Abyss 1 time.
You also visited: Bailey.

You collected 4462 gold pieces.
You spent 2774 gold pieces at shops.

Inventory:

Hand Weapons
 c - a +4 demon trident of freezing
 i - the +11 spear "Huapn" (melded) {drain, *Drain rPois Str+7 Dex-4}
   (You found it on level 12 of the Dungeon)

   A truly terrible weapon, it drains the life of those it strikes.
   It affects your strength (+7).
   It affects your dexterity (-4).
   It protects you from poison.
   It causes draining when unequipped.
Armour
 e - a +1 pair of gloves (melded)
 g - a +0 large shield (melded)
 n - a +0 helmet
 x - the +1 centaur barding "Otimyur" (melded) {+Blink +Fly rCorr}
   (You acquired it on level 1 of the Swamp)

   It lets you fly.
   It lets you blink.
   It provides partial protection from all sources of acid and corrosion.
 B - the +0 plate armour of Jigsaw (melded) {rElec rN+ SInv}
   (You found it on level 8 of the Dungeon)

   It insulates you from electricity.
   It protects you from negative energy.
   It lets you see invisible.
 E - a +3 plate armour of fire resistance
Jewellery
 a - the ring "Ukufy" (melded) {rElec rF+ MR+ rCorr Slay+2}
   (You bought it in a shop on level 2 of the Snake Pit)

   [ring of resist corrosion]

   It affects your accuracy and damage with ranged weapons and melee attacks
   (+2).
   It protects you from fire.
   It insulates you from electricity.
   It affects your resistance to hostile enchantments.
   It provides partial protection from all sources of acid and corrosion.
 m - an uncursed amulet of regeneration
 o - the ring "Buvyipp" (melded) {*Contam Str+10 Int+4 Stlth-}
   (You bought it in a shop on level 7 of the Dungeon)

   [ring of attention]

   It affects your strength (+10).
   It affects your intelligence (+4).
   It causes magical contamination when unequipped.
   It makes you less stealthy.
 z - the brooch of Shielding (around neck) {Reflect SH+8}
   (You found it on level 4 of the Swamp)

   [amulet of reflection]

   It shields you and reflects attacks.
   It affects your SH (+8).
 D - an uncursed ring of see invisible
 I - an uncursed ring of resist corrosion {unknown}
 U - the ring of Mion {rC++ Stlth-}
   (You found it on level 4 of the Lair of Beasts)

   [ring of attention]

   It greatly protects you from cold.
   It makes you less stealthy.
 Y - an uncursed ring of positive energy
 Z - the amulet of Quxuoj {Spirit Str+7 Dex-4}
   (You bought it in a shop on level 7 of the Dungeon)

   [amulet of guardian spirit]

   It causes incoming damage to be split between your health and magic.
   It affects your strength (+7).
   It affects your dexterity (-4).
Wands
 w - a wand of flame (55)
 y - a wand of paralysis (6)
 M - a wand of enslavement (9)
 N - a wand of iceblast (36)
 W - a wand of digging (8)
Scrolls
 j - 17 scrolls of teleportation
 k - 4 scrolls of immolation
 r - 12 scrolls of remove curse
 t - 7 scrolls of blinking
 C - 7 scrolls of identify
 H - a scroll of enchant weapon
 J - 2 scrolls of fear
 K - 2 scrolls of enchant armour
 O - 3 scrolls of silence
 P - a scroll of fog
 Q - 2 scrolls of holy word
 V - 3 scrolls of magic mapping
 X - a scroll of brand weapon
Potions
 b - 10 potions of heal wounds
 d - 2 potions of resistance
 h - 4 potions of mutation
 l - 4 potions of agility
 p - 2 potions of ambrosia
 q - 11 potions of curing
 s - 2 potions of cancellation
 A - 6 potions of might
 F - 2 potions of berserk rage
 G - 3 potions of haste
 S - 4 potions of magic
 T - 2 potions of flight
Miscellaneous
 u - a lightning rod (4/4)
 L - a phial of floods
 R - a sack of spiders
Comestibles
 f - 71 rations


   Skills:
 * Level 17.0 Fighting
 * Level 17.6 Polearms
 + Level 10.5 Armour
 + Level 2.9 Dodging
 + Level 11.6 Shields
 * Level 12.4 Evocations


You had 18 spell levels left.
You didn't know any spells.
Your spell library contained the following spells:

 Spells                   Type           Power        Failure   Level  Hunger
 Confusing Touch          Hex            #.....       43%         1    ##.....
 Corona                   Hex            #......      43%         1    ##.....
 Magic Dart               Conj           #...         43%         1    ##.....
 Sandblast                Erth           #.....       43%         1    ##.....
 Shock                    Conj/Air       #...         43%         1    ##.....
 Summon Small Mammal      Summ           #...         43%         1    ##.....
 Ensorcelled Hibernation  Hex/Ice        #.....       56%         2    ###....
 Passwall                 Tmut/Erth      #.......     56%         2    ###....
 Searing Ray              Conj           #.....       56%         2    ###....
 Swiftness                Chrm/Air       #.......     56%         2    ###....
 Throw Frost              Conj/Ice       #.....       56%         2    ###....
 Confuse                  Hex            #.......     80%         3    ####...
 Conjure Flame            Conj/Fire      #.......     80%         3    ####...
 Dazzling Spray           Conj/Hex       #.....       80%         3    ####...
 Gell's Gravitas          Tloc           #.........   80%         3    ####...
 Static Discharge         Conj/Air       #.......     80%         3    ####...
 Stone Arrow              Conj/Erth      #.....       80%         3    ####...
 Tukima's Dance           Hex            #.......     80%         3    ####...
 Airstrike                Air            #.........   99%         4    #####..
 Force Lance              Conj/Tloc      #.......     99%         4    #####..
 Fulminant Prism          Conj/Hex       #.........   99%         4    #####..
 Iskenderun's Mystic Bla  Conj           #.......     99%         4    #####..
 Petrify                  Tmut/Erth      #.......     99%         4    #####..
 Summon Lightning Spire   Summ/Air       #.......     99%         4    #####..
 Lee's Rapid Deconstruct  Erth           #.........   100%        5    ######.
 Lightning Bolt           Conj/Air       #.........   100%        5    ######.
 Metabolic Englaciation   Hex/Ice        #.........   100%        5    ######.
 Silence                  Hex/Air        #.........   100%        5    ######.
 Summon Mana Viper        Hex/Summ       #.......     100%        5    ######.
 Yara's Violent Unravell  Hex/Tmut       #.........   100%        5    ######.
 Conjure Ball Lightning   Conj/Air       #.........   100%        6    #######
 Deflect Missiles         Chrm/Air       #.........   100%        6    #######
 Ignition                 Fire           #.........   100%        8    #######
 Shatter                  Erth           #.........   100%        9    #######
 Tornado                  Air            #.........   100%        9    #######


Dungeon Overview and Level Annotations

Branches:
Dungeon (15/15)            Temple (0/1) D:5            Lair (6/6) D:10
  Swamp (4/4) Lair:4        Snake (4/4) Lair:2        Slime (0/5) Lair:5
    Orc (2/2) D:10            Elf (0/3) Orc:2        Vaults (1/5) D:14
 Depths (0/5) D:15

Altars:
Dithmenos
Gozag
Hepliaklqana
Kikubaaqudgha
Makhleb
Nemelex Xobeh
Okawaru
Qazlal
Trog
Uskayaw
Vehumet
Wu Jian
Xom
Yredelemnul
The Shining One
Jiyva

Shops:
D:4 **((   D:5 ![%:   D:7 =   D:10 [   D:13 !   Orc:1 (   Orc:2 !((!
Snake:2 %![=[   Vaults:1 (*


Innate Abilities, Weirdness & Mutations

((You have hooves in place of feet.))
((Armour fits poorly on your strangely shaped body.))
((You cover ground very quickly.))
((You have extremely tough skin. (AC +3)))
((You have a pair of small horns on your head.))
((You are partially covered in slimy green scales. (AC +2)))
((You are partially covered in thin metallic scales. (AC +2)))
((Your flesh is very cold resistant. (rC++)))
((Your flesh is very heat resistant. (rF++)))
You heal very quickly.
((Your thick and shaggy fur keeps you warm. (AC +3, rC+)))
Your muscles are strong. (Str +2)
You expend magic power (3 MP) to strengthen your wands.


Message History

You are confused.
Reactivating autopickup.
You feel a bit more experienced.
You flicker for a moment.
The ogre hits you with a +0 giant club!
* * * LOW HITPOINT WARNING * * *
Xom thinks this is hilarious!
The fire dragon is engulfed in seething chaos.
The ogre barely misses you.
The ironheart preserver mumbles some strange words.
The ironheart preserver begins to accept its allies' injuries.
The yaktaur shoots a bolt.
The bolt hits the ogre!
The ironheart preserver dies!
Something claws the fire dragon!
Something freezes the fire dragon!!
The fire dragon is frozen!
The fire dragon is engulfed in seething chaos.
The fire dragon seems to speed up.
Two slime creatures merge to form a large slime creature.
The ogre hits you with a +0 giant club!!
You die...
Xom is highly amused!

#..#'#################.
#......................
#............§§§cc.....
#.............§§{J...CO
#.....≈≈≈....§§§§cO...O
#....≈≈≈≈≈....D§§c#####
#....≈≈∩......)...##########
#....≈≈≈≈≈........#........#
#.....≈≈≈..bO..)[[#........#
#...............)[#........#
#......########.(.#........#
#......#......#...#........#
#......#...∩..#...+........'
#......#......#...#........#
#......#......#(..##########
#......#......#...# #
#......#......#..(# #


You could see a fire dragon, a yaktaur captain, a large slime creature, an ogre
mage, 3 yaktaurs and an ogre.

Vanquished Creatures
  Nikola (Vaults:1)
  Jorgrun (D:12)
  A tentacled monstrosity (Swamp:4)
  Agnes (Snake:2)
  2 tentacled starspawn (Abyss:3)
  Kirke (Swamp:1)
  A storm dragon (Vaults:1)
  A tengu reaver (Vaults:1)
  Donald (Swamp:3)
  Roxanne (D:15)
  11 nagarajas
  5 vault wardens (Vaults:1)
  An emperor scorpion (Swamp:4)
  An orc warlord (Vaults:1)
  Aizul (Vaults:1)
  2 ironheart preservers (Vaults:1)
  3 entropy weavers
  A stone giant (Vaults:1)
  Azrael (D:12)
  A spark wasp (Vaults:1)
  An ettin (Orc:2)
  Snorg (Lair:3)
  A yaktaur captain (Vaults:1)
  2 ogre magi (Vaults:1)
  A fire dragon (D:14)
  8 vault guards
  Harold (Orc:1)
  Erolcha (D:10)
  3 shambling mangroves
  11 naga warriors
  12 anacondas
  8 alligators
  A ghost crab (Swamp:2)
  9 two-headed ogres
  4 centaur warriors
  18 hydras
  A death knight (Vaults:1)
  3 catoblepae (Lair:6)
  8 death yaks
  A queen ant (Lair:5)
  A vampire mage (D:15)
  11 naga sharpshooters
  3 orc high priests (Orc:2)
  5 shock serpents
  A storm dragon zombie (D:15)
  A deep elf knight (Vaults:1)
  Nergalle (Lair:2)
  A salamander mystic (Snake:3)
  An iron troll (D:14)
  3 spriggan druids
  A spatial maelstrom (Abyss:3)
  5 skeletal warriors
  8 sea snakes (Snake:4)
  8 naga ritualists
  An unseen horror (D:12)
  A wizard (Vaults:1)
  4 ironbrand convokers (Vaults:1)
  10 swamp dragons
  A harpy (shapeshifter) (D:15)
  A necromancer (D:15)
  10 mana vipers
  2 deep elf magi
  7 orc sorcerers
  5 salamanders
  9 orc knights
  7 manticores
  3 cyclopes
  3 ugly things
  A manticore (shapeshifter) (Bailey)
  12 guardian serpents
  5 elephants (Lair:5)
  20 naga magi
  5 vault sentinels (Vaults:1)
  A frost giant skeleton (D:15)
  43 black mambas
  3 torpor snails
  19 spiny frogs
  3 gargoyles
  6 rime drakes
  6 freezing wraiths
  7 komodo dragons
  A komodo dragon (shapeshifter) (Vaults:1)
  A queen bee (D:12)
  8 trolls
  5 meliai
  2 polar bears
  A wind drake (shapeshifter) (Snake:4)
  12 hornets
  7 tyrant leeches
  16 slime creatures
  8 blink frogs (Lair:6)
  2 blink frogs (shapeshifter)
  7 hippogriffs
  7 bog bodies
  4 raiju (Abyss:3)
  A deep troll zombie (D:15)
  A dream sheep (Snake:4)
  A deep troll skeleton (D:15)
  A ynoxinul (Abyss:3)
  2 shadows
  4 wyverns
  A spriggan (shapeshifter) (D:14)
  4 spriggans
  2 water elementals (D:15)
  4 hogs (Swamp:1)
  Sigmund (D:3)
  3 fire elementals (D:12)
  44 yaks
  4 wraiths
  A chaos spawn (Abyss:3)
  4 basilisks
  A steam dragon (D:11)
  A hungry ghost (D:8)
  20 vampire mosquitoes
  2 spatial vortices (D:12)
  Edmund (D:6)
  A naga (shapeshifter) (Snake:4)
  62 nagas
  4 wargs (Orc:2)
  13 swamp worms
  19 soldier ants
  3 large abominations (Abyss:3)
  10 insubstantial wisps (Swamp:1)
  A soldier ant (shapeshifter) (D:15)
  15 water moccasins
  Duvessa (D:6)
  3 hell hounds (D:12)
  A hornet zombie (D:6)
  10 porcupines
  42 orc warriors
  3 ice beasts
  8 swamp drakes (Swamp:4)
  An eye of draining (D:12)
  3 necrophages
  2 phantoms
  A black bear (Lair:1)
  3 sky beasts
  20 ogres
  5 boggarts (Vaults:1)
  17 crocodiles
  13 centaurs
  6 big kobolds
  An elf zombie (D:14)
  14 bullfrogs
  A wyvern zombie (D:15)
  A small abomination (Abyss:3)
  A gnoll sergeant (D:7)
  An elf skeleton (D:14)
  Dowan (D:6)
  2 wyvern skeletons
  7 scorpions
  3 jellies
  32 killer bees
  A troll skeleton (D:14)
  7 wights
  3 electric eels (D:15)
  7 howler monkeys
  6 crimson imps
  2 bullfrog zombies
  4 centaur zombies
  9 hounds
  A gnoll shaman (D:7)
  17 orc priests
  3 bullfrog skeletons
  32 orc wizards
  3 centaur skeletons
  5 human zombies (D:14)
  4 iguanas
  Ijyb (D:4)
  26 worker ants
  4 hell rats (Lair:4)
  An ogre skeleton (D:14)
  A hound zombie (D:5)
  2 hound skeletons
  2 mummies (D:14)
  5 worker ant zombies
  A howler monkey zombie (D:7)
  9 adders
  25 gnolls
  6 river rats (Lair:4)
  5 shadow imps
  An ooze (D:2)
  4 adder skeletons
  3 worms
  2 dart slugs
  4 leopard geckos
  120 orcs
  4 bats
  4 giant cockroaches
  24 goblins
  25 hobgoblins
  A jackal (D:6)
  2 quokkas
  2 ball pythons
  3 frilled lizards
  A jackal skeleton (D:4)
  21 kobolds
  2 leopard gecko skeletons
  A leopard gecko zombie (D:6)
  9 rats
  A fungus (Lair:6)
1319 creatures vanquished.

Vanquished Creatures (collateral kills)
  A centaur warrior (D:13)
  2 death yaks (Lair:6)
  A harpy (shapeshifter) (Vaults:1)
  A deep elf mage (D:12)
  A manticore (D:12)
  A centaur skeleton (D:10)
  5 yaks (D:10)
  An orc warrior (Bailey)
  A bullfrog (D:8)
  A kobold (D:8)
15 creatures vanquished.

Vanquished Creatures (others)
  An ironheart preserver (Vaults:1)
  A centaur warrior (Vaults:1)
  2 dancing weapons
  A naga mage (Snake:4)
  A freezing wraith (Vaults:1)
  5 slime creatures (D:12)
  2 yaks (Lair:6)
  A vampire mosquito (D:15)
  A water moccasin (Lair:6)
  An orc warrior (Bailey)
  2 centaurs (Vaults:1)
  A wolf (shapeshifter) (Vaults:1)
  A wight (D:12)
  2 orc priests (Orc:2)
  An orc (Orc:2)
  3 fungi
  10 plants
  8 starspawn tentacles (Abyss:3)
  A withered plant (D:15)
45 creatures vanquished.

Grand Total: 1379 creatures vanquished

Notes
Turn   | Place    | Note
-------+----------+-------------------------------------------
     0 | D:1      | Inarius the Centaur Fighter began the quest for the Orb.
     0 | D:1      | Reached XP level 1. HP: 19/19 MP: 1/1
   231 | D:1      | Reached XP level 2. HP: 23/26 MP: 2/2
   732 | D:2      | Reached XP level 3. HP: 31/33 MP: 3/3
  1240 | D:2      | Found a glowing golden altar of the Shining One.
  1277 | D:3      | Noticed Sigmund
  1304 | D:3      | Gained mutation: Your flesh is heat resistant. (rF+)
                  | [potion of mutation]
  1304 | D:3      | Gained mutation: You are weak. (Str -2) [potion of
                  | mutation]
  1304 | D:3      | Gained mutation: You have a pair of small horns on your
                  | head. [potion of mutation]
  1304 | D:3      | Lost mutation: You are weak. (Str -2) [potion of mutation]
  1320 | D:3      | Killed Sigmund
  1320 | D:3      | Reached XP level 4. HP: 10/40 MP: 4/4
  1320 | D:3      | Reached XP level 5. HP: 11/46 MP: 5/5
  2034 | D:3      | Found a burning altar of Makhleb.
  2043 | D:3      | Reached XP level 6. HP: 41/52 MP: 6/6
  2383 | D:4      | Found Ughij's Assorted Antiques.
  2395 | D:4      | Bought a scroll labeled ARCHAA HOBLE for 25 gold pieces
  2395 | D:4      | Bought a scroll labeled ARCHAA HOBLE for 25 gold pieces
  2395 | D:4      | Bought an emerald potion for 22 gold pieces
  2395 | D:4      | Bought a dark potion for 22 gold pieces
  2408 | D:4      | Found Caopre's Weapon Emporium.
  2508 | D:4      | Found a hide-covered altar of Uskayaw.
  2970 | D:4      | Noticed Ijyb
  2985 | D:4      | Killed Ijyb
  2985 | D:4      | Reached skill level 5 in Polearms
  3030 | D:4      | Reached XP level 7. HP: 59/60 MP: 7/7
  3179 | D:4      | Found a sparkling altar of Nemelex Xobeh.
  3181 | D:4      | Found an ornate altar of the Wu Jian Council.
  3183 | D:4      | Found a radiant altar of Vehumet.
  3185 | D:4      | Found a basalt altar of Yredelemnul.
  3188 | D:4      | Found an iron altar of Okawaru.
  3190 | D:4      | Found a shimmering altar of Xom.
  3254 | D:4      | Found Ruosuakuim's General Store.
  3320 | D:4      | Reached skill level 5 in Fighting
  3447 | D:4      | Bought a potion of heal wounds for 70 gold pieces
  3778 | D:4      | Found Rocurim's Weapon Emporium.
  4011 | D:5      | Entered Level 5 of the Dungeon
  4011 | D:5      | Found Juizixon's Armour Shoppe.
  4051 | D:4      | Became a worshipper of Xom of Chaos
  4092 | D:5      | Reached skill level 1 in Dodging
  4103 | D:5      | Found Ygilut's Distillery.
  4167 | D:5      | Reached skill level 1 in Evocations
  4200 | D:5      | Found Uxus's Food Boutique.
  4231 | D:5      | XOM: mild Ice miscast
  4249 | D:5      | XOM: harmless Fire miscast
  4253 | D:5      | Reached XP level 8. HP: 69/69 MP: 7/9
  4369 | D:5      | XOM: confuse monster(s)
  4392 | D:5      | Found a shadowy altar of Dithmenos.
  4602 | D:5      | Found Reasch's Book Boutique.
  4627 | D:5      | Found a stormy altar of Qazlal.
  4720 | D:5      | Found a staircase to the Ecumenical Temple.
  4758 | D:5      | XOM: divination: detect creatures
  4963 | D:6      | XOM: potion effect (agility)
  5056 | D:6      | XOM: smoke on damage
  5095 | D:6      | Noticed a manticore
  5097 | D:6      | XOM: mild Air miscast
  5106 | D:6      | Noticed Edmund
  5127 | D:6      | XOM: noise
  5289 | D:6      | Killed Edmund
  5344 | D:6      | Killed a manticore
  5354 | D:6      | Noticed Duvessa
  5358 | D:6      | Noticed Dowan
  5375 | D:6      | Killed Duvessa
  5375 | D:6      | Reached XP level 9. HP: 58/75 MP: 11/11
  5375 | D:6      | XOM: silly message
  5383 | D:6      | Killed Dowan
  5572 | D:6      | XOM: divination: detect items
  5803 | D:6      | XOM: divination: detect items
  5941 | D:6      | XOM is BORED!
  5941 | D:6      | XOM: give mutations
  5941 | D:6      | Gained mutation: Your magical capacity is low. (-10% MP)
                  | [Xom's mischief]
  5941 | D:6      | Gained mutation: You are partially covered in slimy green
                  | scales. (AC +2) [Xom's mischief]
  5941 | D:6      | Gained mutation: You are frail. (-10% HP) [Xom's mischief]
  5941 | D:6      | Gained mutation: Your body sometimes deteriorates upon
                  | taking damage. [Xom's mischief]
  5951 | D:6      | Found a burning altar of Makhleb.
  6142 | D:7      | XOM: scenery: create altars
  6396 | D:7      | Found an opulent altar of Gozag.
  6406 | D:7      | Found Puwue's Jewellery Emporium.
  6517 | D:7      | XOM: stat loss: -1 Dex (8/9)
  6532 | D:7      | Found a hazy altar of Hepliaklqana.
  7271 | D:7      | XOM: scenery: 1 doors open
  7713 | D:4      | Bought a glowing glaive for 237 gold pieces
  7819 | D:8      | XOM: scenery: 2 doors open
  7824 | D:8      | XOM: cleaving
  7827 | D:8      | Reached XP level 10. HP: 68/75 MP: 11/11
  7901 | D:8      | XOM: enchant monster (good)
  7934 | D:8      | Paralysed by a hornet for 1 turns
  7936 | D:8      | XOM: summons friendly white imp
  7937 | D:8      | XOM: blink monster(s)
  7939 | D:8      | XOM: cleaving
  8332 | D:8      | Reached skill level 10 in Polearms
  8376 | D:8      | XOM: butterfly on damage
  8384 | D:8      | XOM: god gift: 27 gold pieces
  8386 | D:8      | XOM: harmless Fire miscast
  8709 | D:8      | XOM: 2-stop teleportation journey
  8748 | D:8      | Identified the Volume of Creation and Combat Magic
  8752 | D:8      | Got a jewelled plate armour
  8764 | D:8      | XOM is BORED!
  8764 | D:8      | XOM: mild Summ miscast
  8784 | D:8      | XOM: 3-stop teleportation journey
  8821 | D:8      | Identified the cursed +0 plate armour of Jigsaw {rElec rN+
                  | SInv} (You found it on level 8 of the Dungeon)
  8969 | D:8      | XOM: blink monster(s)
  9173 | D:8      | Noticed a two-headed ogre
  9190 | D:8      | Killed a two-headed ogre
  9247 | D:8      | XOM: medium Erth miscast
  9373 | D:8      | Noticed a manticore
  9382 | D:8      | Killed a manticore
  9500 | D:8      | XOM: mild Erth miscast
  9831 | D:8      | XOM: 1-stop teleportation journey
  9893 | D:8      | XOM: scenery: 1 doors open, 1 doors close
  9899 | D:8      | XOM: scenery: 2 doors open, 1 doors close
 10038 | D:9      | Reached skill level 5 in Evocations
 10496 | D:9      | XOM: god gift: 25 bolts
 10510 | D:9      | XOM: cast spell 'Alistair's Intoxication'
 10518 | D:9      | Reached XP level 11. HP: 39/84 MP: 13/13
 10598 | D:9      | XOM is BORED!
 10856 | D:9      | XOM: cloud trail
 11091 | D:9      | XOM: noise
 11294 | D:10     | Entered Level 10 of the Dungeon
 11312 | D:10     | Noticed Psyche
 11314 | D:10     | XOM: enchant monster (good)
 11318 | D:10     | Noticed Psyche
 11318 | D:10     | Psyche changed into Psyche the water moccasin
 11339 | D:9      | Killed Psyche the water moccasin
 11591 | D:10     | Noticed Erolcha
 11601 | D:10     | Killed Erolcha
 11827 | D:10     | Found a staircase to the Orcish Mines.
 11871 | D:10     | Found Bonam's Armour Shop.
 11900 | D:10     | XOM: mild Conj miscast
 11926 | D:10     | XOM: scenery: create altars
 11928 | D:10     | XOM: summons 7 friendly demons
 11996 | D:10     | Found a staircase to the Lair.
 12040 | D:10     | XOM: cloud trail
 12130 | D:10     | XOM: give mutation
 12130 | D:10     | Gained mutation: Your flesh is cold resistant. (rC+) [Xom's
                  | grace]
 12603 | D:11     | Noticed a two-headed ogre
 12607 | D:11     | XOM: scenery: create altars
 12633 | D:11     | Killed a two-headed ogre
 12633 | D:11     | Reached skill level 5 in Armour
 12682 | D:11     | XOM: give mutations
 12682 | D:11     | Gained mutation: You are covered in fur. (AC +1) [Xom's
                  | grace]
 12682 | D:11     | Gained mutation: You are covered in thick fur. (AC +2)
                  | [Xom's grace]
 12682 | D:11     | Gained mutation: You expend magic power (3 MP) to
                  | strengthen your wands. [Xom's grace]
 12682 | D:11     | Gained mutation: Your mind is acute. (Int +2) [Xom's grace]
 12716 | D:11     | Found a flagged portal.
 12760 | D:11     | XOM: cloud trail
 12807 | Bailey   | Entered a bailey
 12914 | Bailey   | XOM: cloud trail
 12963 | Bailey   | Noticed a glowing shapeshifter
 12963 | Bailey   | an orc warrior changed into a glowing shapeshifter
 12964 | Bailey   | Noticed a swamp dragon
 12964 | Bailey   | a glowing shapeshifter changed into a swamp dragon
 12970 | Bailey   | Noticed a deep troll
 12970 | Bailey   | a torpor snail changed into a deep troll
 12973 | Bailey   | Noticed a swamp dragon
 12973 | Bailey   | a deep troll changed into a swamp dragon
 12974 | Bailey   | a swamp dragon changed into an eye of devastation
 13117 | Bailey   | XOM: divination: magic mapping
 13148 | Bailey   | XOM: god gift: lightning rod (4/4)
 13227 | Bailey   | XOM: summons 6 friendly demons
 13446 | Bailey   | Noticed an orc knight
 13446 | Bailey   | Noticed an orc warlord
 13446 | Bailey   | Noticed an orc knight
 13471 | Bailey   | XOM: divine lightning
 13500 | Bailey   | Killed an orc knight
 13550 | Bailey   | XOM: god gift: shiny centaur barding {god gift}
 13634 | Bailey   | XOM: noise
 13839 | Bailey   | XOM: enchant monster (bad)
 13841 | Bailey   | Noticed a storm dragon
 13841 | Bailey   | an orc warlord changed into a storm dragon
 13841 | Bailey   | XOM: polymorph orc warlord -> storm dragon
 13890 | Bailey   | XOM: scenery: 1 fountains blood, 1 doors close
 14007 | Bailey   | XOM: silly message
 14215 | D:11     | XOM: 1-stop teleportation journey
 14713 | D:11     | XOM: silly message
 14772 | D:11     | XOM: harmless Tloc miscast
 15152 | D:11     | XOM: potion effect (might)
 15557 | D:12     | XOM: medium Summ miscast
 15844 | D:12     | Noticed Jorgrun
 15871 | D:12     | XOM: cast spell 'Shadow Creatures'
 15894 | D:12     | XOM: cast spell 'Olgreb's Toxic Radiance'
 15909 | D:13     | XOM: enchant monster (good)
 15987 | D:13     | Noticed a centaur warrior
 15992 | D:13     | XOM: cast spell 'Monstrous Menagerie'
 15994 | D:13     | Killed a centaur warrior
 15994 | D:13     | Reached skill level 5 in Shields
 15994 | D:13     | Reached XP level 12. HP: 93/93 MP: 14/14
 16160 | D:12     | XOM: confuse monster(s)
 16166 | D:12     | XOM: potion effect (might)
 16175 | D:12     | Killed Jorgrun
 16294 | D:12     | XOM: summons 3 friendly demons
 16295 | D:12     | XOM: summons 2 friendly demons
 16524 | D:12     | XOM: blink monster(s)
 16527 | D:12     | Got a fine spear
 16663 | D:12     | XOM: scenery: create altars
 16667 | D:12     | XOM: enchant monster (bad)
 16800 | D:11     | XOM: medium Air miscast
 16909 | D:10     | XOM: noise
 16914 | Lair:1   | Entered Level 1 of the Lair of Beasts
 16975 | Lair:1   | XOM: summons 1 hostile shadow creature
 17025 | Lair:1   | XOM: smoke on damage
 17026 | Lair:1   | Identified the +11 spear "Huapn" {drain, *Drain rPois Str+7
                  | Dex-4} (You found it on level 12 of the Dungeon)
 17167 | D:7      | Bought the ring "Buvyipp" {*Contam Str+10 Int+4 Stlth-} for
                  | 383 gold pieces
 17347 | Lair:1   | XOM: summons friendly iron imp
 17597 | Lair:1   | XOM: mild Ice miscast
 17782 | Lair:1   | XOM: noise
 17815 | Lair:2   | XOM: give mutation
 17815 | Lair:2   | Gained mutation: Your mind is very acute. (Int +4) [Xom's
                  | grace]
 17884 | Lair:2   | XOM: divination: detect creatures
 17923 | Lair:2   | Noticed a seven-headed hydra
 17937 | Lair:2   | XOM: silly message
 17947 | Lair:2   | XOM: harmless Air miscast
 17955 | Lair:2   | XOM: divination: magic mapping
 17967 | Lair:2   | XOM: cast spell 'Olgreb's Toxic Radiance'
 17974 | Lair:2   | Killed a seven-headed hydra
 18018 | Lair:2   | Noticed a four-headed hydra
 18031 | Lair:2   | Killed a four-headed hydra
 18085 | Lair:2   | Noticed Nergalle
 18088 | Lair:2   | XOM: divination: detect creatures
 18094 | Lair:2   | Found a staircase to the Snake Pit.
 18094 | Lair:2   | XOM: 4-stop teleportation journey
 18100 | Lair:2   | Reached skill level 10 in Fighting
 18135 | Lair:2   | Killed Nergalle
 18143 | Lair:2   | XOM: cleaving
 18249 | Lair:2   | Noticed a seven-headed hydra
 18249 | Lair:2   | Noticed a death yak
 18258 | Lair:2   | Killed a death yak
 18269 | Lair:2   | Killed a seven-headed hydra
 18269 | Lair:2   | Reached XP level 13. HP: 70/101 MP: 16/16
 18484 | Lair:2   | XOM: god gift: phial of floods
 18685 | Lair:3   | XOM: god gift: scroll of amnesia
 18880 | Lair:3   | Noticed Snorg
 18887 | Lair:3   | Killed Snorg
 18952 | Lair:3   | XOM: fog
 19159 | Lair:3   | XOM: 1-stop teleportation journey
 19320 | Lair:3   | XOM: 1-stop teleportation journey
 19401 | Lair:3   | XOM: give mutations
 19401 | Lair:3   | Gained mutation: Your natural rate of healing is unusually
                  | fast. [Xom's grace]
 19401 | Lair:3   | Gained mutation: You are resistant to hostile enchantments.
                  | (MR+) [Xom's grace]
 19401 | Lair:3   | Gained mutation: You can translocate small distances at
                  | will. [Xom's grace]
 19401 | Lair:3   | Gained mutation: You are highly resistant to hostile
                  | enchantments. (MR++) [Xom's grace]
 19553 | Lair:4   | XOM: give mutations
 19553 | Lair:4   | Gained mutation: You heal very quickly. [Xom's grace]
 19553 | Lair:4   | Gained mutation: Your flesh is very heat resistant. (rF++)
                  | [Xom's grace]
 19627 | Lair:4   | Found a staircase to the Swamp.
 19627 | Lair:4   | XOM: medium Pois miscast
 19633 | Lair:4   | XOM: noise
 19817 | Lair:4   | XOM: destruction
 19877 | Lair:4   | XOM: harmless Air miscast
 19879 | Lair:4   | Got a serpentine tin ring
 19882 | Lair:4   | Identified the ring of Mion {rC++ Stlth-} (You found it on
                  | level 4 of the Lair of Beasts)
 19899 | Lair:4   | XOM is BORED!
 19899 | Lair:4   | XOM: severe Fire miscast
 20023 | Lair:4   | XOM: confuse monster(s)
 20276 | Lair:5   | XOM: scenery: create altars
 20284 | Lair:5   | XOM: cleaving
 20288 | Lair:5   | XOM: polymorph elephant -> torpor snail
 20317 | Lair:5   | XOM: draining
 20451 | Lair:5   | Found a viscous altar of Jiyva.
 20451 | Lair:5   | Found a staircase to the Slime Pits.
 20544 | Lair:5   | XOM: silly message
 20550 | Lair:5   | You are sucked into a shaft!
 20550 | Lair:6   | XOM: noise
 20550 | Lair:6   | Entered Level 6 of the Lair of Beasts
 20556 | Lair:6   | XOM: enchant monster (good)
 20559 | Lair:6   | XOM: swap monsters
 20586 | Lair:6   | XOM: swap monsters
 20615 | Lair:6   | Noticed an entropy weaver
 20615 | Lair:6   | a catoblepas changed into an entropy weaver
 20615 | Lair:6   | XOM: polymorph catoblepas -> entropy weaver
 20621 | Lair:6   | XOM: smoke on damage
 20622 | Lair:6   | Killed an entropy weaver
 20623 | Lair:6   | XOM: cast spell 'Summon Mana Viper'
 20653 | Lair:6   | XOM: cleaving
 20829 | Lair:6   | XOM: summons friendly crimson imp
 20875 | Lair:5   | Noticed an entropy weaver
 20882 | Lair:5   | XOM: swap monsters
 20883 | Lair:5   | XOM: confusion
 20885 | Lair:5   | Killed an entropy weaver
 20899 | Lair:5   | Noticed an entropy weaver
 20911 | Lair:5   | Reached XP level 14. HP: 87/112 MP: 15/18
 21035 | Lair:5   | Killed an entropy weaver
 21046 | Lair:5   | XOM: confuse monster(s)
 21056 | Lair:5   | XOM: god gift: 18 bolts
 21293 | Lair:5   | XOM: god gift: scroll of teleportation
 21549 | Lair:5   | XOM: give mutation
 21549 | Lair:5   | Gained mutation: Your flesh is very cold resistant. (rC++)
                  | [Xom's grace]
 21754 | Lair:6   | XOM: summons 14 friendly demons
 21799 | Lair:6   | XOM: god gift: 22 stones
 21805 | Lair:6   | XOM: cleaving
 22013 | Lair:6   | XOM: cleaving
 22014 | Lair:6   | XOM: god gift: 840 gold pieces
 22018 | Lair:6   | XOM: divine lightning
 22062 | Lair:6   | XOM: give mutation
 22062 | Lair:6   | Gained mutation: You are agile. (Dex +2) [Xom's grace]
 22103 | Lair:6   | XOM: summons friendly quasit
 22105 | Lair:6   | XOM: god gift: glowing great sword {god gift}
 22111 | Lair:6   | XOM: cast spell 'Summon Horrible Things'
 22289 | Lair:6   | XOM: polymorph quasit -> iron imp
 22305 | Lair:6   | XOM: medium Erth miscast
 22414 | Lair:6   | Upgraded the game from 0.24-a0-335-g06ca16a to
                  | 0.24-a0-341-g52ca42d3ec
 22565 | Orc:1    | Entered Level 1 of the Orcish Mines
 22637 | Orc:1    | Noticed Harold
 22661 | Orc:1    | Killed Harold
 22706 | Orc:1    | Found Suwkehy's Antique Weapon Shoppe.
 22907 | Orc:2    | Entered Level 2 of the Orcish Mines
 23011 | Orc:2    | XOM: polymorph two-headed ogre -> cyclops
 23033 | Orc:2    | XOM: cleaving
 23034 | Orc:2    | XOM: divine lightning
 23072 | Orc:2    | XOM: scenery: create altars
 23132 | Orc:2    | XOM: divination: detect items
 23199 | Orc:2    | Found a staircase to the Elven Halls.
 23199 | Orc:2    | XOM: potion effect (agility)
 23350 | Orc:2    | XOM: potion effect (curing)
 23923 | Orc:2    | XOM: cast spell 'Metabolic Englaciation'
 23955 | Orc:2    | XOM: harmless Tmut miscast
 23957 | Orc:2    | XOM: divination: detect items
 23964 | Orc:2    | Reached skill level 15 in Polearms
 24027 | Orc:2    | XOM: divination: detect creatures
 24041 | Orc:2    | Found Culuyx's Antique Weapon Emporium.
 24041 | Orc:2    | Found Mitawee Xoaz's Distillery.
 24043 | Orc:2    | Found Riefiuch's Distillery.
 24043 | Orc:2    | Found Ingonn's Weapon Boutique.
 24054 | Orc:2    | Bought a potion of haste for 150 gold pieces
 24054 | Orc:2    | Bought a potion of might for 60 gold pieces
 24054 | Orc:2    | Bought a potion of resistance for 150 gold pieces
 24057 | Orc:2    | Bought a potion of heal wounds for 75 gold pieces
 24253 | D:12     | Noticed Azrael
 24273 | D:12     | XOM: potion effect (agility)
 24277 | D:12     | Killed Azrael
 24302 | D:12     | Reached XP level 15. HP: 102/121 MP: 19/19
 24460 | D:12     | XOM: harmless Summ miscast
 25137 | D:13     | XOM: god gift: 15 stones
 25235 | D:13     | XOM: summons 3 hostile shadow creatures
 25261 | D:13     | Found Saplo's Distillery.
 25269 | D:13     | Bought a potion of heal wounds for 55 gold pieces
 25269 | D:13     | Bought a potion of heal wounds for 55 gold pieces
 25269 | D:13     | Bought a potion of heal wounds for 55 gold pieces
 25465 | D:13     | XOM: 1-stop teleportation journey
 25503 | D:13     | XOM: give mutations
 25503 | D:13     | Lost mutation: Your mind is very acute. (Int +4) [Xom's
                  | mischief]
 25503 | D:13     | Lost mutation: You are frail. (-10% HP) [Xom's mischief]
 25512 | D:13     | XOM: give mutations
 25512 | D:13     | Gained mutation: You are partially covered in thin metallic
                  | scales. (AC +2) [Xom's grace]
 25512 | D:13     | Gained mutation: Your thick and shaggy fur keeps you warm.
                  | (AC +3, rC+) [Xom's grace]
 25701 | D:14     | XOM: silly message
 25805 | D:14     | XOM: potion effect (invisibility)
 25965 | D:11     | XOM: cloud trail
 26063 | D:7      | XOM is BORED!
 26063 | D:7      | XOM: noise
 26077 | D:7      | Bought the amulet of Quxuoj {Spirit Str+7 Dex-4} for 433
                  | gold pieces
 26373 | D:14     | XOM: 8-stop teleportation journey
 26413 | D:14     | XOM: destruction
 26507 | D:14     | Found a gate to the Vaults.
 26561 | D:14     | XOM is BORED!
 26561 | D:14     | XOM: chaos cloud
 26623 | D:14     | Found an ancient bone altar of Kikubaaqudgha.
 26823 | D:14     | XOM: divination: detect items
 26829 | D:14     | XOM: potion effect (brilliance)
 26839 | D:14     | XOM: silly message
 26919 | D:14     | XOM: summons 5 hostile demons
 26981 | D:14     | XOM: give mutations
 26981 | D:14     | Lost mutation: Your mind is acute. (Int +2) [Xom's
                  | mischief]
 26981 | D:14     | Lost mutation: Your magical capacity is low. (-10% MP)
                  | [Xom's mischief]
 26981 | D:14     | Lost mutation: You are highly resistant to hostile
                  | enchantments. (MR++) [Xom's mischief]
 26981 | D:14     | Lost mutation: You can translocate small distances at will.
                  | [Xom's mischief]
 27019 | D:14     | XOM: medium Conj miscast
 27026 | D:15     | Entered Level 15 of the Dungeon
 27048 | D:15     | XOM: harmless Necr miscast
 27052 | D:15     | XOM: polymorph meliai -> troll
 27076 | D:15     | Identified Roxanne's Catalogue of Clay
 27076 | D:15     | Noticed Roxanne
 27105 | D:15     | Found a bloodstained altar of Trog.
 27141 | D:15     | XOM: noise
 27264 | D:15     | Found a staircase to the Depths.
 27344 | D:15     | XOM: silly message
 27392 | D:15     | XOM: chaos upgrade
 27454 | D:15     | XOM: polymorph manticore -> shapeshifter
 27476 | D:15     | XOM: destruction
 27706 | D:15     | XOM: harmless Erth miscast
 27710 | D:15     | XOM: cloud trail
 27782 | D:15     | XOM: harmless Air miscast
 27819 | D:15     | XOM: silly message
 28029 | D:15     | XOM: potion effect (brilliance)
 28049 | D:15     | XOM: harmless Fire miscast
 28050 | D:15     | Killed Roxanne
 28305 | Swamp:1  | Entered Level 1 of the Swamp
 28355 | Swamp:1  | Identified a scroll of acquirement
 28368 | Swamp:1  | Got a translucent centaur barding
 28379 | Swamp:1  | Identified the +3 centaur barding of the Storm King {rCorr}
                  | (You acquired it on level 1 of the Swamp)
 28515 | Swamp:1  | Got a brightly glowing centaur barding
 28526 | Swamp:1  | Identified the +1 centaur barding "Otimyur" {+Blink +Fly
                  | rCorr} (You acquired it on level 1 of the Swamp)
 28568 | Swamp:1  | Reached skill level 10 in Evocations
 28761 | Swamp:1  | Noticed Kirke
 28774 | Swamp:1  | XOM: enchant monster (good)
 28777 | Swamp:1  | XOM: cleaving
 28806 | Swamp:1  | Killed Kirke
 28815 | Swamp:1  | XOM is BORED!
 29198 | Swamp:2  | XOM: divine lightning
 29230 | Swamp:2  | XOM: divination: detect items
 29253 | Swamp:2  | XOM: fake destruction
 29347 | Swamp:2  | XOM: give mutations
 29347 | Swamp:2  | Lost mutation: Your body sometimes deteriorates upon taking
                  | damage. [Xom's mischief]
 29347 | Swamp:2  | Lost mutation: You are agile. (Dex +2) [Xom's mischief]
 29356 | Swamp:2  | Reached XP level 16. HP: 143/146 MP: 21/23
 29832 | Swamp:3  | XOM: harmless Erth miscast
 29902 | Swamp:3  | XOM: potion effect (might)
 30160 | Swamp:3  | XOM: give mutation
 30160 | Swamp:3  | Gained mutation: Your muscles are strong. (Str +2) [Xom's
                  | grace]
 30373 | Swamp:3  | XOM: blink monster(s)
 30376 | Swamp:3  | XOM: summons 6 hostile demons
 30481 | Swamp:4  | Entered Level 4 of the Swamp
 30503 | Swamp:4  | Noticed Donald
 30504 | Swamp:4  | Found the brooch of Shielding {Reflect SH+8}
 30519 | Swamp:3  | Killed Donald
 30572 | Swamp:4  | XOM: polymorph four-headed hydra -> tyrant leech
 30572 | Swamp:4  | Noticed a thorn hunter
 30579 | Swamp:4  | XOM: cleaving
 30724 | Swamp:4  | XOM: swap monsters
 30731 | Swamp:4  | a thorn hunter changed into a shambling mangrove
 30731 | Swamp:4  | XOM: polymorph thorn hunter -> shambling mangrove
 30733 | Swamp:4  | XOM: repel stairs
 30739 | Swamp:4  | XOM: summons 8 hostile demons
 30746 | Swamp:4  | XOM: blink monster(s)
 30755 | Swamp:4  | XOM: polymorph hornet -> polar bear
 30756 | Swamp:4  | XOM: swap monsters
 30784 | Swamp:4  | XOM: 1-stop teleportation journey
 30797 | Swamp:4  | XOM: 2-stop teleportation journey
 30866 | Swamp:4  | Noticed a tentacled monstrosity
 30871 | Swamp:4  | XOM: divination: detect items
 30881 | Swamp:4  | Killed a tentacled monstrosity
 30887 | Swamp:4  | XOM: summons friendly crimson imp
 30915 | Swamp:4  | XOM: enchant monster (bad)
 30976 | Swamp:4  | Reached skill level 15 in Fighting
 31021 | Swamp:4  | XOM: polymorph four-headed hydra -> emperor scorpion
 31033 | Swamp:4  | XOM: mild Summ miscast
 31143 | Swamp:4  | Got a decaying rune of Zot
 31157 | Swamp:4  | Identified the cursed +0 leather armour of the King of the
                  | Hill {Int+2} (You found it on level 4 of the Swamp)
 31165 | Swamp:4  | XOM: polymorph purple very ugly thing -> green very ugly
                  | thing
 31203 | Swamp:4  | XOM: give mutations
 31203 | Swamp:4  | Lost mutation: You are resistant to hostile enchantments.
                  | (MR+) [Xom's mischief]
 31654 | Snake:1  | Entered Level 1 of the Snake Pit
 31827 | Snake:1  | Identified the +0 ring mail "Ihimytea" {rC+ Int+3} (You
                  | found it on level 1 of the Snake Pit)
 31950 | Snake:1  | XOM: cloud trail
 32223 | Snake:1  | XOM: scenery: create altars
 32235 | Snake:2  | Found Syvo's Distillery.
 32238 | Snake:2  | Found Suhuma's Jewellery Shop.
 32238 | Snake:2  | Found Ohofrut's Food Boutique.
 32243 | Snake:2  | Found Ugomno's Armour Shop.
 32253 | Snake:2  | Bought the ring "Ukufy" {rElec rF+ MR+ rCorr Slay+2} for
                  | 935 gold pieces
 32275 | Snake:2  | XOM: potion effect (agility)
 32282 | Snake:2  | XOM: divination: magic mapping
 32288 | Snake:2  | Noticed Agnes
 32300 | Snake:2  | XOM: confuse monster(s)
 32302 | Snake:2  | Killed Agnes
 32302 | Snake:2  | Reached XP level 17. HP: 151/156 MP: 25/25
 32307 | Snake:2  | XOM: scenery: create altars
 32429 | Snake:2  | Found Elan's Armour Boutique.
 32454 | Snake:2  | XOM: cast spell 'Alistair's Intoxication'
 32467 | Snake:2  | XOM: silly message
 32555 | Snake:3  | XOM: polymorph salamander mystic -> two-headed ogre
 32564 | Snake:3  | XOM: blink monster(s)
 32840 | Snake:2  | XOM: snakes to sticks
 33138 | Snake:2  | XOM: enchant monster (good)
 33217 | Snake:2  | XOM: divination: detect creatures
 33254 | Snake:2  | XOM: god gift: 51 gold pieces
 33383 | Snake:2  | XOM: mild Pois miscast
 33559 | Snake:2  | XOM: cleaving
 33955 | Snake:3  | XOM: swap monsters
 33963 | Snake:3  | XOM: enchant monster (bad)
 33964 | Snake:3  | XOM: confuse monster(s)
 33998 | Snake:3  | XOM: fog
 34003 | Snake:3  | XOM: chaos upgrade
 34056 | Snake:3  | XOM: noise
 34199 | Snake:3  | XOM: enchant monster (bad)
 34360 | Snake:3  | XOM: divination: magic mapping
 34369 | Snake:3  | Reached skill level 10 in Shields
 34373 | Snake:3  | Reached skill level 10 in Armour
 34738 | Snake:4  | Entered Level 4 of the Snake Pit
 34741 | Snake:4  | XOM: 7-stop teleportation journey
 34744 | Snake:4  | XOM: divination: detect items
 34751 | Snake:4  | XOM: cleaving
 34754 | Snake:4  | XOM: confusion (+ monsters)
 34879 | Snake:4  | XOM: polymorph black mamba -> shapeshifter
 34905 | Snake:4  | XOM: blink monster(s)
 35054 | Snake:3  | XOM: medium Chrm miscast
 35064 | Snake:4  | XOM: swap monsters
 35071 | Snake:4  | XOM: 3-stop teleportation journey
 35238 | Snake:4  | XOM: 3-stop teleportation journey
 35244 | Snake:4  | XOM: summons 7 friendly demons
 35258 | Snake:4  | Reached XP level 18. HP: 128/166 MP: 19/26
 35262 | Snake:4  | XOM: polymorph guardian serpent -> shapeshifter
 35277 | Snake:4  | XOM: swap monsters
 35417 | Snake:4  | XOM: polymorph sea snake -> dream sheep
 35423 | Snake:4  | XOM: enchant monster (bad)
 35455 | Snake:4  | XOM: harmless Hex miscast
 35456 | Snake:4  | XOM: divination: detect creatures
 35470 | Snake:4  | XOM: divination: detect items
 35474 | Snake:4  | XOM: divination: detect items
 35501 | Snake:4  | XOM: cast spell 'Chain of Chaos'
 35542 | Snake:4  | Got a serpentine rune of Zot
 35606 | Snake:4  | XOM: snakes to sticks
 35679 | Snake:4  | XOM: 5-stop teleportation journey
 35864 | Snake:4  | XOM: god gift: 25 gold pieces
 35940 | Snake:4  | XOM: medium Air miscast
 36327 | Vaults:1 | Entered Level 1 of the Vaults
 36367 | Vaults:1 | XOM: confuse monster(s)
 36420 | Vaults:1 | Found a glowing golden altar of the Shining One.
 36445 | Vaults:1 | XOM: divination: magic mapping
 36453 | Vaults:1 | XOM: blink monster(s)
 36483 | Vaults:1 | XOM: 6-stop teleportation journey
 36526 | Vaults:1 | Found Exotak's General Store.
 36534 | Vaults:1 | Bought a scroll of identify for 22 gold pieces
 36590 | Vaults:1 | Found Daezuot's Weapon Boutique.
 36707 | Vaults:1 | Noticed Nikola
 36708 | Vaults:1 | XOM: divination: detect items
 36714 | Vaults:1 | XOM: cast spell 'Summon Butterflies'
 36725 | Vaults:1 | XOM: enchant monster (good)
 36735 | Vaults:1 | Killed Nikola
 36774 | Vaults:1 | XOM: 2-stop teleportation journey
 36784 | Vaults:1 | XOM: god gift: 23 arrows
 36806 | Vaults:1 | Noticed Aizul
 36807 | Vaults:1 | XOM: 2-stop teleportation journey
 36820 | Vaults:1 | XOM: harmless Chrm miscast
 36855 | Vaults:1 | XOM: divination: magic mapping
 36863 | Vaults:1 | XOM: divination: detect items
 36872 | Vaults:1 | XOM: summons friendly ufetubus
 36884 | Vaults:1 | XOM: mild Chrm miscast
 36888 | Vaults:1 | XOM: divination: detect items
 36889 | Vaults:1 | XOM: swap monsters
 36901 | Vaults:1 | Cast into level 3 of the Abyss (vault warden)
 37166 | Abyss:3  | XOM: summons 7 hostile demons
 37211 | Abyss:3  | XOM: torment (94/168 hp)
 37222 | Abyss:3  | XOM: summons 5 friendly demons
 37318 | Vaults:1 | Escaped the Abyss
 37327 | Vaults:1 | XOM: polymorph ettin -> spark wasp
 37343 | Vaults:1 | Reached XP level 19. HP: 133/174 MP: 28/28
 37356 | Vaults:1 | XOM: swap monsters
 37364 | Vaults:1 | XOM: harmless Hex miscast
 37383 | Vaults:1 | XOM: summons 7 hostile demons
 37386 | Vaults:1 | XOM: mild Erth miscast
 37475 | Vaults:1 | XOM: medium Fire miscast
 37487 | Vaults:1 | XOM: blink monster(s)
 37491 | Vaults:1 | XOM: enchant monster (bad)
 37493 | Vaults:1 | XOM: harmless Tloc miscast
 37496 | Vaults:1 | XOM: chaos cloud
 37497 | Vaults:1 | Killed Aizul
 37498 | Vaults:1 | Paralysed by you for 7 turns
 37501 | Vaults:1 | XOM: divination: detect items
 37509 | Vaults:1 | XOM: confusion (+ monsters)
 37512 | Vaults:1 | Mangled by an ogre

Levels and vault maps discovered:
D:1:      dpeg_arrival_leaves_temple_mockup, layout_basic
D:2:      layout_basic, tso_altar
D:3:      minmay_door_path, layout_rooms, grunt_ministairs_6,
          makhleb_heckhound_becter, uniq_sigmund
D:4:      layout_layer_cave, nicolae_overflow_hidden_temple, minitemple,
          serial_shops, shop_fountains, nicolae_shop_statue_plus, shop,
          nicolae_shop_waterfront, feat_on_display, uniq_ijyb
D:5:      layout_loops_ring, nicolae_dithmenos_the_darkroom, kennysheep_mini,
          temple_doors_e, serial_shops, shop, shop_coins, shop_fountains, shop,
          first_ration, minivault_27
D:6:      layout_basic, kennysheep_little_box, minmay_divided_ellipse,
          uniq_edmund, uniq_duvessa
D:7:      layout_basic, nicolae_overflow_crystal_walls,
          overflow_temple_1_default, serial_shops, nicolae_shop_waterfront
D:8:      minmay_the_grid_octo_tiled_squarecenter [minmay_the_grid_octo_empty,
          minmay_the_grid_octo_teeth, minmay_the_grid_octo_tetromino_candy,
          minmay_the_grid_octo_horde,
          minmay_the_grid_square_5x5_megaprize_checkered,
          minmay_the_grid_square_5x5_half_checkered,
          minmay_the_grid_square_5x5_tie, minmay_the_grid_square_5x5_n_small,
          minmay_the_grid_square_5x5_three_walls], layout_gridville,
          kennysheep_just_a_vault
D:9:      layout_roguey
D:10:     layout_cave_pods, lair_entry_dummy, orc_0_dummy, serial_shops,
          kennysheep_mini_moat, uniq_psyche, uniq_erolcha
D:11:     layout_loops_corners, enter_bailey_3
D:12:     layout_loops_ring, special_room [special_room_orc],
          blue_anna_alchemist [blue_anna_fruit_fields, blue_anna_fruit_fields],
          minivault_7, uniq_azrael, uniq_jorgrun
D:13:     layout_basic, serial_shops, shop, nrook_mini_vaults
D:14:     layout_basic, david_vaults_4, lemuel_mausoleum_altar_kikubaaqudgha
D:15:     gammafunk_depths_entry_grave, layout_stronghold, lemuel_doored_altar,
          serial_bayou_lagoon_b, uniq_roxanne
Lair:1:   layout_chaotic_city
Lair:2:   layout_misc_corridors, minmay_snake_entry_guardpost_large,
          chequers_serial_rivers_small_b, minmay_shattered_shrine, uniq_nergalle
Lair:3:   layout_regular_city, uniq_snorg
Lair:4:   layout_roguey, skrybe_swamp_entry_bodies, kennysheep_abandoned_house
Lair:5:   layout_misc_corridors, slime_altar_1, zaba_antful_of_joy
Lair:6:   evilmike_catoblepas_cave, layout_regular_city
Swamp:1:  layout_basic_swamp, nicolae_swamp_feature_on_the_river_bank,
          uniq_kirke
Swamp:2:  layout_basic_swamp, hangedman_swamp_ruin_hall,
          infiniplex_staircase_pool_2
Swamp:3:  layout_basic_swamp, evilmike_swamp_ruin_house_5
Swamp:4:  swamp_alternative, layout_basic_swamp, uniq_donald
Snake:1:  layout_onion, hangedman_snake_pattern
Snake:2:  layout_layer_cave, serial_shops, shop, minmay_shoptagon, uniq_agnes
Snake:3:  layout_gridlike
Snake:4:  grunt_snake_rune_pools, layout_cave_town, serial_bayou_pond_b
Orc:1:    layout_caves, serial_shops, shop, uniq_harold
Orc:2:    grunt_orc_tribal_feast, layout_diamond_mine, guppyfry_library_mini
Vaults:1: v_misc_26, dpeg_vaults_waves, grunt_vaults_twisty,
          ontoclasm_vaults_hangar, nicolae_vaults_border_crossing,
          ontoclasm_vaults_fault, layout_vaults_omnigrid, basic_altar,
          serial_shops, nicolae_shop_waterfront, shop, nicolae_shop_waterfront,
          uniq_nikola, uniq_aizul

Skill      XL: |  1  2  3  4  5  6  7  8  9 10 11 12 13 14 15 16 17 18 19 |
---------------+----------------------------------------------------------+-----
Polearms       | 2 3 4 5 6 7 9 10 12 13 14 15 16 17 | 17.6
Fighting       | 4 5 6 7 9 10 11 13 14 15 16 17 | 17.0
Dodging        | 1 2 |  2.9
Armour         | 3 4 5 6 7 8 9 10 | 10.5
Evocations     | 1 2 3 5 6 7 8 9 10 11 12 | 12.4
Shields        | 3 4 5 6 7 9 10 11 | 11.6

Action                   |  1- 3 |  4- 6 |  7- 9 | 10-12 | 13-15 | 16-18 | 19-21 || total
-------------------------+-------+-------+-------+-------+-------+-------+-------++-------
Melee: Trident           |   121 |   117 |   425 |   819 |       |       |       ||  1482
       Kick              |    18 |    25 |    94 |   233 |   478 |   448 |    28 ||  1324
       Headbutt          |       |    12 |    53 |   140 |   296 |   303 |    20 ||   824
       Spear             |       |       |       |   125 |  1538 |  1505 |    76 ||  3244
       Unarmed           |       |       |       |       |       |       |     1 ||     1
 Abil: Evoke Flight      |       |       |       |       |     4 |       |       ||     4
       Stop Flying       |       |       |       |       |     1 |       |       ||     1
Evoke: Wand              |       |       |    15 |    26 |     8 |     3 |       ||    52
       Lightning rod     |       |       |       |     4 |     4 |       |       ||     8
  Use: Potion            |     4 |     1 |       |     6 |     2 |     3 |       ||    16
       Scroll            |       |       |     8 |    20 |    11 |    12 |     1 ||    52
 Stab: Paralysed         |       |       |       |    14 |     4 |     4 |       ||    22
       Distracted        |       |       |       |     3 |     1 |       |       ||     4
       Petrified         |       |       |       |     1 |     6 |       |       ||     7
       Petrifying        |       |       |       |     1 |       |       |       ||     1
       Confused          |       |       |       |     1 |     1 |     9 |     4 ||    15
       Sleeping          |       |       |       |     1 |       |     1 |       ||     2
       Invisible         |       |       |       |       |     4 |       |       ||     4
  Eat: Chunk             |       |     5 |    13 |    30 |    29 |    18 |       ||    95
       Ration            |       |       |       |       |       |     1 |       ||     1
Armor: Scale mail        |    47 |    44 |     7 |       |       |       |       ||    98
       Skin              |    21 |       |       |     1 |       |       |       ||    22
       Chain mail        |       |       |   136 |    22 |       |       |       ||   158
       Plate armour      |       |       |       |   279 |   344 |   426 |    17 ||  1066
Dodge: Dodged            |    17 |    15 |    53 |    50 |    75 |   136 |     5 ||   351
Block: Shield            |    34 |    41 |   134 |   241 |   343 |   666 |       ||  1459
       Reflection        |       |       |       |       |       |    89 |     8 ||    97
       Large shield      |       |       |       |       |       |   245 |    71 ||   316

Table legend:
 A = Non-vault XP
 B = Vault XP
 C = Vault XP percentage of total XP
 D = Non-vault monster count
 E = Vault monster count
 F = Vault count percentage of total count
                 A         B        C        D         E       F
            +---------+---------+-------+---------+---------+-------
      Total |  249796 |  142404 |  36.3 |     904 |     435 |  32.5
            +---------+---------+-------+---------+---------+-------
        D:1 |      21 |       0 |   0.0 |      12 |       0 |   0.0
        D:2 |      53 |       0 |   0.0 |      18 |       0 |   0.0
        D:3 |      84 |     261 |  75.7 |      15 |       7 |  31.8
        D:4 |     601 |      36 |   5.7 |      45 |       1 |   2.2
        D:5 |     522 |       0 |   0.0 |      16 |       0 |   0.0
        D:6 |     513 |    1222 |  70.4 |       8 |      12 |  60.0
        D:7 |    1927 |       0 |   0.0 |      41 |       0 |   0.0
        D:8 |    2736 |    2280 |  45.5 |      39 |      21 |  35.0
        D:9 |    1661 |     157 |   8.6 |      27 |       1 |   3.6
       D:10 |    1773 |     982 |  35.6 |      21 |       1 |   4.5
       D:11 |    4338 |     390 |   8.2 |      35 |       6 |  14.6
       D:12 |    4910 |    9591 |  66.1 |      32 |      51 |  61.4
       D:13 |    1678 |       0 |   0.0 |      19 |       0 |   0.0
       D:14 |   10529 |    4222 |  28.6 |      41 |      18 |  30.5
       D:15 |    7566 |    6646 |  46.8 |      27 |       9 |  25.0
     Lair:1 |    1934 |       0 |   0.0 |       8 |       0 |   0.0
     Lair:2 |    1533 |    7414 |  82.9 |      10 |      19 |  65.5
     Lair:3 |    4223 |    1145 |  21.3 |      20 |       1 |   4.8
     Lair:4 |    3754 |    1515 |  28.8 |      16 |      19 |  54.3
     Lair:5 |    3439 |    6566 |  65.6 |      11 |      33 |  75.0
     Lair:6 |   13692 |   10005 |  42.2 |      43 |      23 |  34.8
    Swamp:1 |    7454 |    2777 |  27.1 |      28 |       5 |  15.2
    Swamp:2 |   14848 |       0 |   0.0 |      41 |       0 |   0.0
    Swamp:3 |   10015 |    3226 |  24.4 |      19 |       3 |  13.6
    Swamp:4 |   12898 |   14083 |  52.2 |      26 |      24 |  48.0
    Snake:1 |    7387 |       0 |   0.0 |      20 |       0 |   0.0
    Snake:2 |   32729 |    2206 |   6.3 |      59 |       1 |   1.7
    Snake:3 |   19208 |       0 |   0.0 |      31 |       0 |   0.0
    Snake:4 |   22328 |   36287 |  61.9 |      43 |      59 |  57.8
      Orc:1 |    3570 |     997 |  21.8 |      30 |       1 |   3.2
      Orc:2 |    4115 |    7898 |  65.7 |      21 |      37 |  63.8
   Vaults:1 |   40054 |   20415 |  33.8 |      69 |      17 |  19.8
    Abyss:3 |    7703 |       0 |   0.0 |      13 |       0 |   0.0
     Bailey |       0 |    2083 | 100.0 |       0 |      66 | 100.0
            +---------+---------+-------+---------+---------+-------
